AoeStats
← 一剑扫秋风nelson

Lombardia

508597617Analyzed
4v4 RM · 8d ago on Sep 23, 2026· 28m 53s· 8 players
Game mode
Random Map
Map size
Large (8 player)
Population
200
Speed
Normal
Resources
Standard
Victory
Conquest
Starting age
Dark Age
Ending age
Imperial Age
RankedLock teamsTeams togetherTeam positionsShared explorationLock speedFull tech treeHidden civsTurbo modeCheats
Victory
Defeat
🇨🇳 Burmese · China
1972
+5
🇯🇵 Chinese · Japan
1806
+9
🇺🇦 Hindustanis · Ukraine
1793
+10
🇹🇼 Shu · Taiwan
1785
+10
🇲🇽 Teutons · Mexico
1831
-14
🇲🇽 Maya · Mexico
1700
-10
🇨🇷 Bulgarians · Costa Rica
1545
-5
🇲🇽 Ethiopians · Mexico
1520
-5
NeeNee
0:31 Loom
10:15 Feudal Age
14:24 Castle Age
12:53 Double-Bit Axe
13:13 Horse Collar
15:18 Bow Saw
20:15 Heavy Plow
22:12 Gold Mining
23:16 Fletching
24:04 Wheelbarrow
24:23 Stone Mining
28:22 Imperial Age
26:17 Ballistics
26:48 Stone Shaft Mining
27:08 Gold Shaft Mining
26:44 Bodkin Arrow
28:07 Hand Cart
27:53 Padded Archer Armor
28:27 Masonry
29:04 Leather Archer Armor
29:08 Bracer
30:12 Chemistry
Ouch
6:06 Loom
8:51 Feudal Age
8:58 Man-at-Arms
14:24 Fletching
22:31 Castle Age
21:02 Double-Bit Axe
21:06 Horse Collar
24:13 Bow Saw
24:04 Heavy Plow
25:08 Wheelbarrow
26:28 Hand Cart
YiMia
5:05 Loom
11:23 Feudal Age
11:52 Double-Bit Axe
13:54 Fletching
14:50 Padded Archer Armor
20:12 Castle Age
19:21 Gold Mining
19:27 Horse Collar
20:20 Crossbowman
21:14 Bodkin Arrow
22:02 Ballistics
23:05 Thumb Ring
26:27 Wheelbarrow
29:13 Leather Archer Armor
一剑扫秋风nelson
11:10 Feudal Age
10:49 Loom
15:40 Castle Age
13:26 Horse Collar
16:40 Heavy Plow
19:38 Wheelbarrow
19:42 Gold Mining
24:48 Hand Cart
30:38 Imperial Age
28:52 Scale Barding Armor
29:27 Gold Shaft Mining
Wolobo
9:53 Loom
12:30 Feudal Age
15:27 Fletching
21:45 Double-Bit Axe
21:43 Horse Collar
27:23 Castle Age
26:53 Padded Archer Armor
26:57 Gold Mining
hK | SoyLaHostia
8:41 Loom
9:04 Loom
11:26 Feudal Age
12:34 Double-Bit Axe
15:37 Castle Age
14:17 Horse Collar
17:27 Bow Saw
25:21 Scale Mail Armor
27:42 Wheelbarrow
26:55 Town Watch
Daniel Lothbrok
11:25 Feudal Age
14:50 Wheelbarrow
16:19 Castle Age
17:33 Double-Bit Axe
19:34 Wheelbarrow
18:53 Loom
20:15 Bow Saw
20:34 Loom
23:09 Scale Barding Armor
24:18 Chain Barding Armor
24:51 Bloodlines
25:42 Town Watch
MooN | MooN
0:28 Loom
12:21 Feudal Age
13:43 Double-Bit Axe
16:21 Castle Age
14:22 Horse Collar
18:14 Fletching
21:56 Bodkin Arrow
25:29 Padded Archer Armor
28:02 Bow Saw
Connection lost

Rejoining the realm…

Still unreachable

The connection could not be restored.

Session expired

The server has moved on; the page needs a fresh start.